 Dungeon Crawl Stone Soup version 0.26-a0-752-gcff87cac9a (webtiles) character file.

Game seed: 15565155117465583808

54427 Queen the Impaler (level 14, 0/135 HPs)
             Began as a Minotaur Berserker on Nov 6, 2020.
             Was the Champion of Trog.
             Slain by an orc knight
             ... wielding a +0 great sword
              (19 damage)
             ... on level 1 of the Orcish Mines.
             The game lasted 00:55:49 (24999 turns).

Queen the Impaler (Minotaur Berserker)             Turns: 24999, Time: 00:55:49

Health: 0/135      AC: 34    Str: 27    XL:     14   Next: 34%
Magic:  4/4        EV:  9    Int:  4    God:    Trog [******]
Gold:   368        SH:  0    Dex: 10    Spells: 13/13 levels left

rFire    . . .     SeeInvis .   c - +3 bardiche (antimagic)
rCold    + . .     Faith    +   (shield currently unavailable)
rNeg     . . .     Spirit   .   Z - +7 plate armour of Bad Feelings {Regen+}
rPois    .         Reflect  .   e - +2 hat
rElec    .         Harm     .   f - +0 cloak of Hadjma {MR+} (curse)
rCorr    .         Rampage  .   i - +2 pair of gloves
MR       +++..                  B - +2 pair of boots
Stlth    ..........             y - amulet of faith
HPRegen  0.72/turn              w - ring of protection from magic
MPRegen  0.09/turn              z - ring of protection from cold

@: no status effects
A: retaliatory headbutt, horns 2
a: Berserk, Trog's Hand, Brothers in Arms, Renounce Religion


You were on level 1 of the Orcish Mines.
You worshipped Trog.
Trog was exalted by your worship.
You visited 3 branches of the dungeon, and saw 19 of its levels.

You collected 2052 gold pieces.
You spent 1684 gold pieces at shops.

Inventory:

Hand Weapons
 a - a +4 scythe
 b - a +1 trident of flaming
 c - a +3 antimagic bardiche (weapon)
 S - a +1 antimagic glaive
 W - a +2 vorpal glaive
Armour
 e - a +2 hat (worn)
 f - the cursed +0 cloak of Hadjma (worn) {MR+}
   (You bought it in a shop on level 1 of the Orcish Mines)

   It affects your resistance to hostile enchantments.
   It has a curse placed upon it.
 i - a +2 pair of gloves (worn)
 B - a +2 pair of boots (worn)
 R - +0 fire dragon scales
 Z - the +7 plate armour of Bad Feelings (worn) {Regen+}
   (You bought it in a shop on level 1 of the Orcish Mines)

   It increases your rate of regeneration.
Jewellery
 d - an uncursed ring of protection from magic
 w - a ring of protection from magic (left hand)
 y - an amulet of faith (around neck)
 z - a ring of protection from cold (right hand)
 A - a +4 ring of evasion
 H - an uncursed ring of flight
 L - an uncursed ring of poison resistance
 T - an uncursed ring of positive energy
 V - the amulet "Yjety" {RegenMP rC+ Int+2, unknown}
   (You found it on level 6 of the Lair of Beasts)

   [amulet of magic regeneration]

   It increases your magic regeneration.
   It affects your intelligence (+2).
   It protects you from cold.
 Y - a +4 ring of evasion
Scrolls
 g - 4 scrolls of blinking
 m - 2 scrolls of summoning
 q - 7 scrolls of remove curse
 s - 5 scrolls of teleportation
 F - 2 scrolls of fear
 G - a scroll of fog {unknown}
 P - 2 scrolls of magic mapping
 Q - 2 scrolls of enchant armour
 X - a scroll of holy word {unknown}
Potions
 h - a potion of lignification
 k - 4 potions of degeneration
 l - 3 potions of brilliance
 n - 5 potions of heal wounds
 p - 5 potions of mutation {unknown}
 u - 3 potions of attraction {unknown}
 v - 10 potions of curing
 x - 5 potions of might
 D - 2 potions of ambrosia
 E - 3 potions of cancellation
 I - a potion of flight {unknown}
 K - a potion of berserk rage {unknown}
 M - 2 potions of invisibility {unknown}
 U - a potion of haste


   Skills:
 * Level 15.0 Fighting
 * Level 19.8 Polearms
 * Level 14.8 Armour
 + Level 2.6 Dodging


You had 13 spell levels left.
You didn't know any spells.
Your spell library contained the following spells:

 Spells                   Type           Power        Failure   Level
 Cause Fear               Hex            #.........   100%        4
 Silence                  Hex/Air        #.........   100%        5
 Yara's Violent Unravell  Hex/Tmut       #.........   100%        5
 Discord                  Hex            #.........   100%        8


Dungeon Overview and Level Annotations

Branches:
Dungeon (11/15)            Temple (0/1) D:4            Lair (6/6) D:11
  Swamp (0/4) Lair:2        Snake (0/4) Lair:2        Slime (0/5) Lair:6
    Orc (2/2) D:9
    Elf: Orc:2

Altars:
Cheibriados
Dithmenos
Elyvilon
Fedhas
Hepliaklqana
Kikubaaqudgha
Nemelex Xobeh
Ru
Vehumet
Xom
Zin
Beogh
Jiyva

Shops:
D:7 !   D:8 *   Orc:1 *:([

Annotations:
Lair:3 exclusion: orange crystal statue


Innate Abilities, Weirdness & Mutations

You reflexively headbutt those who attack you in melee.
You have a pair of horns on your head.


Message History

The orc knight hits you but does no damage.
The orc warrior shouts!
You climb upwards.
Reactivating autopickup.
There is a stone staircase leading down here.
You slice the orc knight!!
You headbutt the orc knight, but do no damage.
The orc knight is almost dead.
Something hits you but does no damage.
Deactivating autopickup; reactivate with Ctrl-A.
You barely miss the orc knight.
The orc knight is almost dead.
The orc knight hits you with a +0 great sword!
* * * LOW HITPOINT WARNING * * *
Something hits you but does no damage.
You barely miss the orc knight.
The orc knight is almost dead.
Something hits you but does no damage.
The orc knight hits you with a +0 great sword!!
You die...

#...............##.#
##..........).......
#...................
###..................# ###
##...................##
##.###.............#.....##
#...###.##.........##...## #
##.∩.###.#....<....###...###
##...#....@......##.#...#.#
##...##....o.....#.........
#....#............#......)#
##................##....##[
#........#.......####......
##.##...#.........###......
#####...#........##.......
##..........##........
##..........####.......


You could see an orc knight (strong).

Vanquished Creatures
  Rupert (Lair:4)
  A sphinx (D:9)
  A yaktaur captain (D:9)
  2 boulder beetles (D:9)
  10 hydras
  5 two-headed ogres
  An ogre mage (D:9)
  3 death yaks
  2 lindwurms
  A swamp dragon (Lair:6)
  Pikel (D:4)
  A cyclops (D:7)
  A wolf spider (Lair:6)
  A centaur zombie (D:11)
  8 elephants
  A torpor snail (Lair:6)
  2 black mambas
  Joseph (D:7)
  A gargoyle (D:11)
  Maggie (D:7)
  11 cane toads
  7 komodo dragons
  2 rime drakes (Lair:4)
  A freezing wraith (D:9)
  A wind drake (shapeshifter) (D:9)
  2 trolls (D:11)
  A hornet (D:9)
  12 polar bears
  Prince Ribbit (D:5)
  2 raiju (Lair:6)
  3 blink frogs (Lair:4)
  Sigmund (D:6)
  24 yaks
  A wraith (D:11)
  4 basilisks
  3 steam dragons (Lair:6)
  9 wargs
  2 nagas (Lair:2)
  A swamp worm (Lair:2)
  15 hell hounds
  4 acid dragons
  5 water moccasins
  An ice beast (D:11)
  4 phantoms
  2 swamp drakes (Lair:6)
  11 orc warriors
  3 sky beasts
  An eye of draining (D:11)
  12 black bears
  10 ogres
  5 centaurs
  24 wolves
  9 bullfrogs
  A gnoll sergeant (D:8)
  10 killer bees
  3 wights (D:9)
  2 lava snakes (Lair:3)
  3 howler monkeys (D:7)
  A quasit (D:7)
  14 orc priests
  5 hounds
  4 jellies
  2 centaur skeletons
  4 iguanas
  13 orc wizards
  8 hell rats
  6 worker ants
  A hound skeleton (D:7)
  A worker ant zombie (D:6)
  44 gnolls
  A howler monkey skeleton (D:6)
  7 adders
  6 river rats (Lair:4)
  2 shadow imps (D:7)
  3 white imps
  2 ufetubi
  2 worms (D:2)
  A dart slug (D:1)
  4 leopard geckos
  50 orcs
  3 giant cockroaches
  4 hobgoblins
  23 jackals
  A quokka (D:7)
  3 bats
  5 frilled lizards
  6 goblins
  5 kobolds
  A leopard gecko zombie (D:7)
  A quokka skeleton (D:4)
  8 rats
499 creatures vanquished.

Vanquished Creatures (collateral kills)
  A fire dragon (Lair:6)
1 creature vanquished.

Vanquished Creatures (others)
  A human (D:4)
  15 bushes (Lair:6)
  34 fungi
  150 plants
  3 toadstools (D:3)
203 creatures vanquished.

Grand Total: 703 creatures vanquished

Notes
Turn   | Place    | Note
-------+----------+-------------------------------------------
     0 | D:1      | Queen the Minotaur Berserker began the quest for the Orb.
     0 | D:1      | Reached XP level 1. HP: 19/19 MP: 0/0
   246 | D:1      | Reached skill level 4 in Polearms
   279 | D:1      | Reached XP level 2. HP: 17/27 MP: 1/1
  1316 | D:2      | Reached XP level 3. HP: 33/33 MP: 2/2
  1583 | D:2      | Found a sacrificial altar of Ru.
  1584 | D:2      | Found an ancient bone altar of Kikubaaqudgha.
  1615 | D:2      | Reached ** piety under Trog
  1615 | D:2      | Reached XP level 4. HP: 30/40 MP: 3/3
  1704 | D:2      | Found a white marble altar of Elyvilon.
  1704 | D:2      | Found a shimmering altar of Xom.
  2002 | D:3      | Reached skill level 5 in Polearms
  2088 | D:3      | Found a shadowy altar of Dithmenos.
  2632 | D:3      | Reached XP level 5. HP: 14/47 MP: 4/4
  3164 | D:4      | Reached skill level 6 in Polearms
  3534 | D:4      | Noticed a lemure
  3535 | D:4      | Noticed Pikel
  3535 | D:4      | Noticed a lemure
  3535 | D:4      | Noticed a lemure
  3535 | D:4      | Noticed a lemure
  3567 | D:4      | Killed Pikel
  3567 | D:4      | Reached skill level 5 in Fighting
  3567 | D:4      | Reached skill level 7 in Polearms
  3567 | D:4      | Reached skill level 5 in Armour
  3567 | D:4      | Reached XP level 6. HP: 31/57 MP: 5/5
  3567 | D:4      | Reached XP level 7. HP: 34/62 MP: 6/6
  3742 | D:4      | Found a staircase to the Ecumenical Temple.
  3828 | D:4      | Found a glowing silver altar of Zin.
  4091 | D:4      | Reached skill level 8 in Polearms
  4097 | D:4      | Found an ancient bone altar of Kikubaaqudgha.
  4098 | D:4      | Noticed a human
  4100 | D:4      | Killed a human
  4172 | D:5      | Entered Level 5 of the Dungeon
  4831 | D:5      | Reached *** piety under Trog
  4872 | D:5      | Noticed Prince Ribbit
  4915 | D:5      | Killed Prince Ribbit
  4915 | D:5      | Reached skill level 9 in Polearms
  4915 | D:5      | Reached XP level 8. HP: 41/71 MP: 7/7
  5857 | D:5      | Reached **** piety under Trog
  6104 | D:6      | Reached skill level 10 in Polearms
  6158 | D:6      | Found a white marble altar of Elyvilon.
  6192 | D:6      | Noticed Sigmund
  6196 | D:6      | Killed Sigmund
  6977 | D:7      | Reached XP level 9. HP: 81/81 MP: 8/8
  7282 | D:7      | Noticed a cyclops
  7292 | D:7      | Killed a cyclops
  7292 | D:7      | Reached skill level 11 in Polearms
  7516 | D:7      | Noticed Maggie
  7543 | D:7      | Killed Maggie
  7935 | D:7      | Found Kipsoil's Distillery.
  7938 | D:7      | Bought 2 potions of might for 104 gold pieces
  7938 | D:7      | Bought a potion of ambrosia for 104 gold pieces
  7938 | D:7      | Bought a potion of curing for 39 gold pieces
  7938 | D:7      | Bought a potion of haste for 130 gold pieces
  7938 | D:7      | Bought a potion of heal wounds for 65 gold pieces
  8128 | D:7      | Noticed Joseph
  8132 | D:7      | Killed Joseph
  8132 | D:7      | Reached skill level 12 in Polearms
  8176 | D:7      | Found a blossoming altar of Fedhas.
  8220 | D:7      | Found a hazy altar of Hepliaklqana.
  8384 | D:8      | Found Ephil's Assorted Antiques.
  8385 | D:8      | Noticed a two-headed ogre
  8392 | D:8      | Killed a two-headed ogre
  8392 | D:8      | Reached XP level 10. HP: 74/91 MP: 9/9
  8422 | D:8      | Reached ***** piety under Trog
  8929 | D:8      | Found a snail-covered altar of Cheibriados.
  9007 | D:8      | Reached skill level 13 in Polearms
  9268 | D:9      | Found a radiant altar of Vehumet.
  9268 | D:9      | Found a staircase to the Orcish Mines.
  9389 | D:9      | Reached skill level 10 in Fighting
  9941 | D:9      | Found a runed translucent door.
  9941 | D:9      | Noticed a boulder beetle
  9941 | D:9      | Noticed a sphinx
  9943 | D:9      | Noticed a boulder beetle
  9943 | D:9      | Noticed a yaktaur captain
  9943 | D:9      | Noticed an ogre mage
 10221 | D:10     | Entered Level 10 of the Dungeon
 10234 | D:10     | Reached skill level 10 in Armour
 10448 | D:10     | Noticed a two-headed ogre
 10474 | D:10     | Killed a two-headed ogre
 10474 | D:10     | Reached skill level 14 in Polearms
 11445 | D:11     | Reached XP level 11. HP: 98/101 MP: 10/10
 11456 | D:11     | Found a staircase to the Lair.
 11708 | D:11     | Found a sparkling altar of Nemelex Xobeh.
 11729 | D:11     | Noticed a two-headed ogre
 12333 | D:11     | Noticed a two-headed ogre
 12345 | D:11     | Killed a two-headed ogre
 13432 | D:10     | Killed a two-headed ogre
 13432 | D:10     | Reached skill level 15 in Polearms
 13475 | Lair:1   | Entered Level 1 of the Lair of Beasts
 13785 | Lair:1   | You fall into a shaft and drop 1 floor!
 13875 | Lair:2   | Found a staircase to the Snake Pit.
 14130 | Lair:2   | Found a staircase to the Swamp.
 14318 | Lair:2   | Noticed a five-headed hydra
 14324 | Lair:2   | Killed an eight-headed hydra
 14371 | Lair:2   | Found a dark tunnel.
 14814 | Lair:1   | Noticed a four-headed hydra
 14824 | Lair:1   | Killed a ten-headed hydra
 15612 | Lair:3   | Noticed an orange crystal statue
 15733 | Lair:3   | Noticed a five-headed hydra
 16110 | Lair:3   | Noticed a five-headed hydra
 16515 | Lair:3   | Lost intelligence.
 16853 | Lair:4   | Reached skill level 16 in Polearms
 16853 | Lair:4   | Reached XP level 12. HP: 108/112 MP: 11/11
 16998 | Lair:4   | Noticed a four-headed hydra
 17006 | Lair:4   | Killed a six-headed hydra
 17180 | Lair:4   | Noticed Rupert
 17182 | Lair:4   | Paralysed by Rupert for 3 turns
 17185 | Lair:4   | Noticed a death yak
 17194 | Lair:4   | Killed Rupert
 17202 | Lair:4   | Killed a death yak
 17557 | Lair:4   | Noticed a four-headed hydra
 17567 | Lair:4   | Killed a seven-headed hydra
 17761 | Lair:4   | Reached skill level 17 in Polearms
 18707 | Lair:5   | Noticed a five-headed hydra
 18712 | Lair:5   | Killed a seven-headed hydra
 19024 | Lair:5   | Reached ****** piety under Trog
 19256 | Lair:5   | Reached XP level 13. HP: 120/122 MP: 12/12
 19585 | Lair:6   | Entered Level 6 of the Lair of Beasts
 19603 | Lair:6   | Received a gift from Trog
 20089 | Lair:6   | Reached skill level 18 in Polearms
 20701 | Lair:6   | Noticed a fire dragon
 20714 | Lair:6   | Killed a fire dragon
 21015 | Lair:6   | HP: 6/123 [poison (poison gas)]
 22137 | Lair:6   | Received a gift from Trog
 22360 | Lair:6   | Reached skill level 19 in Polearms
 22751 | Lair:6   | Reached XP level 14. HP: 68/133 MP: 4/13
 22777 | Lair:6   | Received a gift from Trog
 22787 | Lair:6   | Got a pitted zirconium amulet
 22793 | Lair:6   | Got a pitted scale mail
 22966 | Lair:6   | Identified the +2 scale mail of the Lily {rPois} (You found
                  | it on level 6 of the Lair of Beasts)
 23456 | Lair:6   | Found a viscous altar of Jiyva.
 23456 | Lair:6   | Found a staircase to the Slime Pits.
 23655 | D:9      | Killed a sphinx
 23686 | D:9      | Paralysed by a hornet for 3 turns
 24062 | Orc:1    | Entered Level 1 of the Orcish Mines
 24064 | Orc:1    | Found Wonoadd's Book Shoppe.
 24273 | Orc:1    | Found Pesyat's Antique Weapon Shoppe.
 24326 | Orc:1    | Received a gift from Trog
 24432 | Orc:1    | Found a roughly hewn altar of Beogh.
 24460 | Orc:1    | Found Zexteev's General Store.
 24468 | Orc:1    | Bought a scroll of magic mapping for 56 gold pieces
 24553 | Orc:1    | Found Ininuimn's Armour Shop.
 24574 | Orc:1    | Bought the +7 plate armour of Bad Feelings {Regen+} for 975
                  | gold pieces
 24574 | Orc:1    | Bought the cursed +0 cloak of Hadjma {MR+} for 211 gold
                  | pieces
 24750 | Orc:2    | Entered Level 2 of the Orcish Mines
 24943 | Orc:2    | Reached skill level 15 in Fighting
 24969 | Orc:2    | Noticed an orc warlord
 24999 | Orc:1    | Slain by an orc knight

Illustrated notes

Levels and vault maps discovered:
D:1:      psy_arrival_dodecagon, layout_basic
D:2:      layout_loops_cross, chequers_temple_overflow_statue_of_worship,
          gammafunk_temple_overflow_statue
D:3:      layout_basic, nicolae_dithmenos_shadow_blocks,
          minmay_gold_behind_fungi
D:4:      layout_basic, zin_treasury, minmay_temple_entry_gardened_gates,
          tgw_kikubaaqudgha, uniq_pikel
D:5:      lemuel_castle_with_subvaults [lemuel_castle_interior_carwin_3],
          layout_loops_corners, uniq_prince_ribbit1
D:6:      layout_loops_ring, elyvilon_altar_1, uniq_sigmund
D:7:      layout_loops_ring, minitemple, serial_shops, kennysheep_mini_moat,
          uniq_joseph, uniq_maggie
D:8:      layout_cave_pools, marbit_many_paths, serial_shops, shop
D:9:      minmay_gate_of_8, layout_long_grid, fiery_altar_vehumet, orc_0_dummy,
          dk_noncrumbling_2
D:10:     layout_roguey
D:11:     layout_grid_maze, erik_lair_orcish_takeover,
          nemelex_xobeh_ov_fountains_minmay
Lair:1:   layout_hall_layers
Lair:2:   layout_regular_city, minmay_swamp_entry_worms,
          guppyfry_snake_entry_island, enter_volcano_1
Lair:3:   layout_cave_pods, disabler_island, infiniplex_staircase_pool_2
Lair:4:   layout_long_grid, kennysheep_abandoned_house, uniq_rupert
Lair:5:   layout_roguey, chequers_serial_rivers_micro_b
Lair:6:   hangedman_lair_caniforms_friends, layout_layer_cave,
          guppyfry_lair_end_dragon, dpeg_slime_entry_enclosed_altar,
          serial_forest, infiniplex_forest_straight_4,
          infiniplex_forest_straight_2, infiniplex_forest_straight_4,
          infiniplex_forest_3_way, infiniplex_forest_clump_medium,
          infiniplex_forest_end_1, infiniplex_forest_clump_diagonal,
          infiniplex_forest_lined_2, infiniplex_forest_lined_corner,
          chequers_serial_rivers_micro_a
Orc:1:    layout_caves, basic_altar, serial_shops, nicolae_shop_crystal, shop,
          shop, shop
Orc:2:    st_orc_ogre_mass, layout_caves, small_statue_alley_c

Skill      XL: |  1  2  3  4  5  6  7  8  9 10 11 12 13 14 |
---------------+-------------------------------------------+-----
Polearms       | 4 5 7 9 10 12 14 16 17 19 | 19.8
Fighting       | 4 5 6 7 9 10 12 13 14 15 | 15.0
Armour         | 3 5 6 7 9 10 11 13 14 | 14.8
Dodging        | |  2.6

Action                   |  1- 3 |  4- 6 |  7- 9 | 10-12 | 13-15 || total
-------------------------+-------+-------+-------+-------+-------++-------
Melee: Spear             |    72 |       |       |       |       ||    72
       Headbutt          |     9 |     4 |    32 |   120 |   114 ||   279
       Trident           |    13 |    28 |       |       |    47 ||    88
       Halberd           |       |    76 |   183 |       |       ||   259
       Scythe            |       |       |   137 |   577 |   183 ||   897
       Unarmed           |       |       |     2 |       |       ||     2
       Bardiche          |       |       |       |       |   302 ||   302
Invok: Berserk           |     1 |     2 |     2 |    10 |     1 ||    16
       Trog's Hand       |       |     1 |     3 |     5 |     6 ||    15
       Brothers in Arms  |       |       |       |     1 |     1 ||     2
  Use: Scroll            |       |       |    12 |    19 |     4 ||    35
       Potion            |       |       |       |       |     3 ||     3
 Stab: Sleeping          |       |       |     1 |       |       ||     1
       Distracted        |       |       |       |     1 |       ||     1
Armor: Leather armour    |     8 |    17 |     2 |       |       ||    27
       Ring mail         |     7 |       |       |       |       ||     7
       Scale mail        |       |       |    79 |       |       ||    79
       Steam dragon scal |       |       |    21 |    65 |       ||    86
       Chain mail        |       |       |       |   349 |   109 ||   458
       Plate armour      |       |       |       |    71 |    51 ||   122
       Fire dragon scale |       |       |       |       |   305 ||   305
Dodge: Dodged            |    27 |    54 |   182 |   458 |   410 ||  1131

Table legend: (Time is in decaauts)
 A = Elapsed time spent in this place.
 B = Non-inter-level travel time spent in this place.
 C = Inter-level travel time spent in this place.
 D = Time resting spent in this place.
 E = Time spent auto-exploring this place.
 F = Levels seen in this place.
 G = Mean time per level.
                   A        B        C        D        E       F      G
               +--------+--------+--------+--------+--------+-----+--------+
         Total |  25658 |  24693 |    965 |   3228 |  17491 |  19 | 1350.4 |
       Dungeon |  14225 |  13553 |    672 |   1636 |   9781 |  11 | 1293.2 |
          Lair |  10494 |  10226 |    268 |   1463 |   7156 |   6 | 1749.0 |
  Orcish Mines |    938 |    914 |     24 |    128 |    554 |   2 |  469.0 |
               +--------+--------+--------+--------+--------+-----+--------+

Top non-repeatable levels by time:
  Lair:6: 3471 daAuts
  Lair:4: 2008 daAuts
    D:11: 1859 daAuts
     D:5: 1760 daAuts
  Lair:3: 1604 daAuts
    D:10: 1495 daAuts
     D:7: 1485 daAuts
     D:9: 1442 daAuts
  Lair:5: 1371 daAuts
     D:3: 1213 daAuts
     D:4: 1137 daAuts
     D:1: 1079 daAuts
  Lair:1: 1075 daAuts
     D:8: 1021 daAuts
  Lair:2: 963 daAuts
